 Dungeon Sprint DCSS version 0.17-a0-1830-g81820eb (webtiles) character file.

41225 nuthulu the Peltast (level 13, -4/148 HPs)
             Began as a Gargoyle Fighter on Sept 13, 2015.
             Was the Champion of Trog.
             Killed from afar by Frances (42 damage)
             ... with a shard of ice
             ... in the Dungeon (Sprint III: "The Ten Rune Challenge").
             The game lasted 00:16:32 (5062 turns).

nuthulu the Peltast (Gargoyle Fighter)              Turns: 5062, Time: 00:16:33

Health: -4/148     AC: 21    Str: 30    XL:     13   Next: 37%
Magic:  13/13      EV: 10    Int:  9    God:    Trog [******]
Gold:   2247       SH: 16    Dex: 17    Spells: 0 memorised, 12 levels left

rFire  . . .     SeeInvis .     A - +9 mace of World's End {drain, +Fly Str+4 Dex+4}
rCold  . . .     Clarity  .     b - +0 scale mail
rNeg   + . .     SustAt   .     c - +0 shield
rPois  ∞         Gourm    .     u - +1 hat {MR+}
rElec  +         Spirit   .     (no cloak)
rCorr  .         Warding  .     (no gloves)
rMut   .         NoTele   +     (no boots)
MR     +++..                    (no amulet)
Stlth  ..........               (no ring)
                                y - ring of stealth

@: berserking, regenerating, very quick, extremely resistant to hostile
enchantments, extremely unstealthy
A: negative energy resistance 1, electricity resistance, unbreathing,
petrification resistance, rot immunity, AC +9
a: Burn Spellbooks, Berserk, Trog's Hand, Brothers in Arms, Renounce Religion,
Evoke Flight
}: 1/10 runes: serpentine


You were in the Dungeon.
You worshipped Trog.
Trog was exalted by your worship.
You were not hungry.

You visited 1 branch You collected 2247 gold pieces.

Inventory:

Hand weapons
 a - a +0 flail
 d - a +0 dire flail of protection
 e - a +6 antimagic lajatang
 m - the +3 dire flail of Earthquakes {crush, *Noise rF+++ Int-4 Dex+3}
   (Trog gifted it to you in the Dungeon)

   It inflicts extra damage upon your enemies.
   It affects your intelligence (-4).
   It affects your dexterity (+3).
   It renders you almost immune to fire.
   It may make noises in combat.
 r - a +6 antimagic mace
 s - a +5 antimagic morningstar
 t - the +1 great mace of Conflict {drain, rPois Int+4 Dex+2}
   (Trog gifted it to you in the Dungeon)

   A truly terrible weapon, it drains the life of those it strikes.
   It affects your intelligence (+4).
   It affects your dexterity (+2).
   It protects you from poison.
 v - a +2 morningstar of protection
 w - a +4 demon whip of electrocution
 x - a +3 eveningstar of protection
 A - the +9 mace of World's End (weapon) {drain, +Fly Str+4 Dex+4}
   (Trog gifted it to you in the Dungeon)

   A truly terrible weapon, it drains the life of those it strikes.
   It affects your strength (+4).
   It affects your dexterity (+4).
   It lets you fly.
 B - a +2 antimagic flail
Armour
 b - a +0 scale mail (worn)
 c - a +0 shield (worn)
 u - a +1 hat of magic resistance (worn)
Jewellery
 y - a ring of stealth (left hand)
Magical devices
 j - a wand of polymorph (21)
Scrolls
 k - a scroll of blinking
 l - 3 scrolls of torment
 n - 2 scrolls of remove curse {unknown}
Potions
 f - 3 potions of curing
 i - 2 potions of magic
 o - a potion of cure mutation
 p - a potion of agility {unknown}
 q - 2 potions of flight
 z - a potion of brilliance {unknown}
Comestibles
 h - 22 royal jellies
 C - 2 chunks of flesh


   Skills:
 + Level 18.4 Fighting
 + Level 17.0 Maces & Flails
 + Level 18.3 Armour
 + Level 18.4 Shields


You had 12 spell levels left.
You didn't know any spells.

Dungeon Overview and Level Annotations

Branches:
Dungeon (1/1)

Altars:
Cheibriados
Dithmenos
Elyvilon
Fedhas
Gozag
Kikubaaqudgha
Makhleb
Nemelex Xobeh
Okawaru
Qazlal
Ru
Sif Muna
Trog
Vehumet
Xom
Yredelemnul
Zin
The Shining One
Jiyva
Lugonu

Shops:
D ?}(*

Annotations:
D Frances


Innate Abilities, Weirdness & Mutations

You are resistant to torment.
Your stone body is resilient (AC +9).
You are immune to poison.
You resist negative energy.
You are resistant to electric shocks.
You can survive without breathing.
You are immune to petrification.
You are immune to rotting.


Message History

Use which ability?
A red film seems to cover your vision as you go berserk!
You feel yourself moving faster!
You feel mighty!
You feel somewhat more hungry.
Frances hits you with an uncursed war axe of holy wrath!
* * * LOW HITPOINT WARNING * * *
You closely miss Frances.
Frances is lightly wounded.
The soul eater barely misses you. You block Frances's attack.
The blue devil closely misses you.
You bludgeon Frances!!
Frances is moderately wounded.
Unknown command.
You sock Frances!
Frances is moderately wounded.
The soul eater hits you.
* * * LOW HITPOINT WARNING * * *
Frances mutters in a terrible tongue.
The shard of ice hits you!
You die...

#..§§≈+.#)+)..+.#.#.#.'...≈≈#
#.#≈§§#.#(#(..##.#.#.##...≈≈###
+.#.§.#.#.#...#.#.#.#.#...≈≈≈≈#
#.#...#...#...##.#.#.##...≈≈≈≈#
▓▓▓▓▓▓▓▓▓▓▓▓▓▓#.#.#.#.#.......#
........≈≈≈...##.#.#.##.......#
≈≈≈≈≈≈≈≈≈≈♣♣P.+.#.#.#.#.......#
♣♣♣♣♣♣♣♣♣♣♣♣PP##(#.#.##########
♣♣♣##@##### ♣♣♣♣♣♣♣♣♣♣♣♣ #@34+
.##≈≈≈≈≈≈..# #.3.# #.#≈≈≈≈≈...#
#...# .##+≈≈≈≈§#### #####
.)(#≈≈......§ #..#≈..+####
####...# #).....#


You could see Frances, a soul eater, a smoke demon and a blue devil.

Vanquished Creatures
  Rupert (D)
  Polyphemus (D)
  A greater naga (D)
  Maud (D)
  Wiglaf (D)
  A dire elephant (D)
  A naga warrior (D)
  2 anacondas (D)
  2 hydras (D)
  Erica (D)
  A centaur warrior (D)
  2 death yaks (D)
  An orc high priest (D)
  A death drake (D)
  An unseen horror (D)
  A lindwurm (D)
  A guardian serpent (D)
  4 black mambas (D)
  2 spiny frogs (D)
  A fire drake (D)
  A deep elf priest (D)
  A komodo dragon (D)
  3 wandering mushrooms (D)
  A queen bee (D)
  A shadow (D)
  8 blink frogs (D)
  3 redbacks (D)
  A spatial vortex (D)
  2 nagas (D)
  4 water moccasins (D)
  3 orc warriors (D)
  A necrophage (D)
  A swamp drake (D)
  2 brain worms (D)
  2 centaurs (D)
  An earth elemental (D)
  A water elemental (D)
  A scorpion (D)
  32 killer bees (D)
  An electric eel (D)
  A jelly (D)
  3 orc priests (D)
  3 orc wizards (D)
  3 sheep (D)
  A necromancer (D)
  3 humans (D)
  A kobold demonologist (D)
  6 adders (D)
  2 oozes (D)
  8 orcs (D)
  2 rats (D)
130 creatures vanquished.

Vanquished Creatures (collateral kills)
  Gastronok (D)
  A dire elephant (D)
  An anaconda (D)
  2 death yaks (D)
  2 elephants (D)
  2 black mambas (D)
9 creatures vanquished.

Vanquished Creatures (others)
  2 draconian scorchers (D)
  2 yaktaurs (D)
  A wizard (D)
  3 plants (D)
8 creatures vanquished.

Grand Total: 147 creatures vanquished

Notes
Turn   | Place    | Note
--------------------------------------------------------------
     0 | D        | nuthulu the Gargoyle Fighter began the quest for the Orb.
     0 | D        | Reached XP level 1. HP: 14/14 MP: 1/1
    15 | D        | Reached skill level 4 in Fighting
    15 | D        | Reached XP level 2. HP: 13/20 MP: 2/2
   166 | D        | Killed a white draconian scorcher
   191 | D        | Reached XP level 3. HP: 20/25 MP: 3/3
   202 | D        | Killed a yaktaur
   238 | D        | Killed a white draconian scorcher
   268 | D        | Noticed a scorpion
   286 | D        | Killed a scorpion
   286 | D        | Reached skill level 5 in Fighting
   286 | D        | Reached skill level 5 in Armour
   286 | D        | Reached skill level 5 in Shields
   286 | D        | Reached XP level 4. HP: 10/32 MP: 4/4
   576 | D        | Gained mutation: You are clumsy. (Dex -2) [potion of mutation]
   576 | D        | Gained mutation: You are dopey. (Int -2) [potion of mutation]
   577 | D        | Lost mutation: You are dopey. (Int -2) [potion of cure mutation]
   577 | D        | Lost mutation: You are clumsy. (Dex -2) [potion of cure mutation]
   578 | D        | Gained mutation: Your spells are a little easier to cast, but a little less powerful. [potion of mutation]
   578 | D        | Gained mutation: You are frail (-10% HP). [potion of mutation]
   578 | D        | Gained mutation: You have large cloven feet. [potion of mutation]
   579 | D        | Lost mutation: Your spells are a little easier to cast, but a little less powerful. [potion of cure mutation]
   579 | D        | Lost mutation: You have large cloven feet. [potion of cure mutation]
   579 | D        | Lost mutation: You are frail (-10% HP). [potion of cure mutation]
   624 | D        | Noticed a water elemental
   630 | D        | Killed a water elemental
   630 | D        | Reached skill level 6 in Fighting
   630 | D        | Reached skill level 5 in Maces & Flails
   630 | D        | Reached XP level 5. HP: 37/37 MP: 5/5
   716 | D        | Found an iron altar of Okawaru.
   716 | D        | Found a bloodstained altar of Trog.
   716 | D        | Noticed a human
   721 | D        | Killed a human
   721 | D        | Reached skill level 7 in Fighting
   721 | D        | Reached XP level 6. HP: 41/44 MP: 6/6
   722 | D        | Noticed a human
   729 | D        | Killed a human
   729 | D        | Reached skill level 8 in Fighting
   755 | D        | Became a worshipper of Trog the Wrathful
   819 | D        | Found a radiant altar of Vehumet.
   819 | D        | Found a deep blue altar of Sif Muna.
   819 | D        | Found an ancient bone altar of Kikubaaqudgha.
   819 | D        | Noticed a wizard
   820 | D        | Acquired Trog's first power
   821 | D        | Killed a wizard
   821 | D        | Reached XP level 7. HP: 37/50 MP: 7/7
   822 | D        | Noticed an ice devil
   828 | D        | Acquired Trog's second power
   907 | D        | Found a glowing silver altar of Zin.
   909 | D        | Found a glowing golden altar of the Shining One.
   909 | D        | Found a white marble altar of Elyvilon.
   909 | D        | Noticed a deep elf priest
   919 | D        | Killed a deep elf priest
   919 | D        | Reached skill level 9 in Fighting
   974 | D        | Found a basalt altar of Yredelemnul.
   974 | D        | Found a snail-covered altar of Cheibriados.
   974 | D        | Found a blossoming altar of Fedhas.
   974 | D        | Noticed a necrophage
   974 | D        | Noticed a necromancer
   980 | D        | Killed a necrophage
   986 | D        | Killed a necromancer
   986 | D        | Reached skill level 10 in Fighting
  1070 | D        | Noticed a jelly
  1078 | D        | Killed a jelly
  1078 | D        | Reached XP level 8. HP: 49/57 MP: 8/8
  1119 | D        | Noticed a shadow
  1130 | D        | Killed a shadow
  1130 | D        | Reached skill level 10 in Armour
  1130 | D        | Reached skill level 10 in Shields
  1277 | D        | Found a stormy altar of Qazlal.
  1277 | D        | Found a sacrificial altar of Ru.
  1277 | D        | Found a burning altar of Makhleb.
  1277 | D        | Found a shimmering altar of Xom.
  1277 | D        | Noticed a spatial vortex
  1278 | D        | Found a viscous altar of Jiyva.
  1278 | D        | Found a shadowy altar of Dithmenos.
  1278 | D        | Found a sparkling altar of Nemelex Xobeh.
  1278 | D        | Found a corrupted altar of Lugonu.
  1278 | D        | Found an opulent altar of Gozag.
  1294 | D        | Killed a spatial vortex
  1414 | D        | Noticed Erica
  1430 | D        | Killed Erica
  1430 | D        | Reached skill level 11 in Fighting
  1430 | D        | Reached skill level 10 in Maces & Flails
  1430 | D        | Reached XP level 9. HP: 64/64 MP: 9/9
  1463 | D        | Noticed an earth elemental
  1492 | D        | Killed an earth elemental
  1598 | D        | Noticed a centaur
  1598 | D        | Noticed a centaur warrior
  1598 | D        | Noticed a centaur
  1613 | D        | Killed a centaur warrior
  1613 | D        | Reached skill level 12 in Fighting
  1616 | D        | Killed a centaur
  1616 | D        | Acquired Trog's third power
  1620 | D        | Killed a centaur
  2052 | D        | Killed an unseen horror
  2160 | D        | Noticed a wandering mushroom
  2166 | D        | Noticed a wandering mushroom
  2168 | D        | Noticed a wandering mushroom
  2183 | D        | Killed a wandering mushroom
  2183 | D        | Reached XP level 10. HP: 50/72 MP: 10/10
  2270 | D        | Killed a wandering mushroom
  2280 | D        | Killed a wandering mushroom
  2280 | D        | Reached skill level 13 in Fighting
  2399 | D        | Noticed a killer bee
  2399 | D        | Noticed a killer bee
  2399 | D        | Noticed a killer bee
  2399 | D        | Noticed a killer bee
  2399 | D        | Noticed a killer bee
  2399 | D        | Noticed a killer bee
  2399 | D        | Noticed a killer bee
  2399 | D        | Noticed a killer bee
  2399 | D        | Noticed a killer bee
  2399 | D        | Noticed a killer bee
  2399 | D        | Noticed a killer bee
  2399 | D        | Noticed a killer bee
  2399 | D        | Noticed a killer bee
  2399 | D        | Noticed a killer bee
  2399 | D        | Noticed a killer bee
  2400 | D        | Noticed a killer bee
  2401 | D        | Noticed a killer bee
  2401 | D        | Noticed a killer bee
  2401 | D        | Noticed a killer bee
  2401 | D        | Noticed a queen bee
  2402 | D        | Noticed a killer bee
  2402 | D        | Noticed a killer bee
  2403 | D        | Noticed a killer bee
  2403 | D        | Noticed a killer bee
  2405 | D        | Noticed a killer bee
  2405 | D        | Noticed a killer bee
  2407 | D        | Noticed a killer bee
  2407 | D        | Killed a killer bee
  2409 | D        | Noticed a killer bee
  2410 | D        | Noticed a killer bee
  2412 | D        | Noticed a killer bee
  2414 | D        | Killed a killer bee
  2418 | D        | Killed a killer bee
  2421 | D        | Noticed a killer bee
  2423 | D        | Killed a killer bee
  2424 | D        | Noticed a killer bee
  2430 | D        | Noticed a killer bee
  2430 | D        | Killed a killer bee
  2434 | D        | Killed a killer bee
  2437 | D        | Killed a killer bee
  2447 | D        | Killed a killer bee
  2459 | D        | Killed a killer bee
  2469 | D        | Killed a killer bee
  2471 | D        | Killed a killer bee
  2483 | D        | Killed a killer bee
  2488 | D        | Killed a yaktaur
  2497 | D        | Killed a killer bee
  2497 | D        | Received a gift from Trog
  2502 | D        | Killed a killer bee
  2504 | D        | Killed a killer bee
  2506 | D        | Killed a killer bee
  2517 | D        | Killed a killer bee
  2531 | D        | Killed a killer bee
  2533 | D        | Killed a killer bee
  2534 | D        | Killed a killer bee
  2538 | D        | Killed a killer bee
  2544 | D        | Killed a killer bee
  2544 | D        | Received a gift from Trog
  2556 | D        | Killed a killer bee
  2564 | D        | Killed a killer bee
  2566 | D        | Killed a killer bee
  2569 | D        | Killed a killer bee
  2572 | D        | Killed a killer bee
  2584 | D        | Killed a killer bee
  2599 | D        | Killed a killer bee
  2599 | D        | Received a gift from Trog
  2605 | D        | Killed a killer bee
  2607 | D        | Killed a killer bee
  2610 | D        | Killed a killer bee
  2623 | D        | Killed a queen bee
  2802 | D        | Noticed a spiny frog
  2802 | D        | Noticed a komodo dragon
  2802 | D        | Noticed a spiny frog
  2818 | D        | Killed a spiny frog
  2826 | D        | Killed a komodo dragon
  2826 | D        | Reached skill level 14 in Fighting
  2834 | D        | Killed a spiny frog
  2834 | D        | Received a gift from Trog
  2876 | D        | Noticed a redback
  2881 | D        | Noticed a brain worm
  2884 | D        | Killed a redback
  2884 | D        | Reached XP level 11. HP: 80/80 MP: 3/11
  2886 | D        | Killed a brain worm
  2899 | D        | Noticed a brain worm
  2905 | D        | Killed a brain worm
  3010 | D        | Noticed a lindwurm
  3013 | D        | Noticed a redback
  3016 | D        | Killed a lindwurm
  3023 | D        | Killed a redback
  3082 | D        | Noticed a redback
  3086 | D        | Killed a redback
  3086 | D        | Received a gift from Trog
  3149 | D        | Noticed Maud
  3175 | D        | Killed Maud
  3175 | D        | Received a gift from Trog
  3201 | D        | Got a slimy great mace {god gift}
  3207 | D        | Identified the +1 great mace of Conflict {drain, rPois Int+4 Dex+2} (Trog gifted it to you in the Dungeon)
  3309 | D        | Noticed a swamp drake
  3309 | D        | Noticed a fire drake
  3311 | D        | Killed a swamp drake
  3314 | D        | Killed a fire drake
  3314 | D        | Reached skill level 15 in Fighting
  3322 | D        | Noticed a blink frog
  3322 | D        | Noticed a blink frog
  3322 | D        | Noticed a blink frog
  3323 | D        | Noticed a blink frog
  3325 | D        | Noticed a blink frog
  3330 | D        | Killed a blink frog
  3334 | D        | Killed a blink frog
  3339 | D        | Killed a blink frog
  3339 | D        | Reached skill level 15 in Armour
  3339 | D        | Reached skill level 15 in Shields
  3340 | D        | Killed a blink frog
  3371 | D        | Killed a blink frog
  3422 | D        | Noticed Rupert
  3440 | D        | Killed Rupert
  3497 | D        | Noticed a death yak
  3498 | D        | Noticed a death yak
  3498 | D        | Noticed a blink frog
  3498 | D        | Noticed a blink frog
  3499 | D        | Noticed a death yak
  3501 | D        | Noticed a death yak
  3502 | D        | Noticed a blink frog
  3512 | D        | Killed a death yak
  3512 | D        | Received a gift from Trog
  3521 | D        | Killed a death yak
  3521 | D        | Reached skill level 16 in Fighting
  3521 | D        | Reached XP level 12. HP: 88/88 MP: 4/12
  3529 | D        | Killed a blink frog
  3532 | D        | Killed a death yak
  3533 | D        | Killed a death yak
  3555 | D        | Noticed a black mamba
  3564 | D        | Killed a black mamba
  3588 | D        | Killed a blink frog
  3588 | D        | Received a gift from Trog
  3602 | D        | Noticed a black mamba
  3607 | D        | Killed a black mamba
  3607 | D        | Reached skill level 15 in Maces & Flails
  3608 | D        | Noticed an azure jelly
  3608 | D        | Noticed an azure jelly
  3609 | D        | Noticed an azure jelly
  3609 | D        | Noticed an azure jelly
  3618 | D        | Killed a blink frog
  3677 | D        | Noticed Polyphemus
  3731 | D        | HP: 4/135 [Polyphemus (32)]
  3734 | D        | Killed Polyphemus
  3737 | D        | Received a gift from Trog
  3983 | D        | Noticed an elephant
  3983 | D        | Noticed an elephant
  3983 | D        | Noticed a dire elephant
  3983 | D        | Noticed a dire elephant
  3983 | D        | Noticed Gastronok
  3991 | D        | Killed Gastronok
  3994 | D        | Killed a dire elephant
  3996 | D        | Killed an elephant
  3998 | D        | Killed an elephant
  3998 | D        | Reached skill level 17 in Fighting
  4005 | D        | Killed a dire elephant
  4074 | D        | Noticed an electric eel
  4077 | D        | Noticed a seven-headed hydra
  4077 | D        | Noticed a six-headed hydra
  4087 | D        | Killed a seven-headed hydra
  4087 | D        | Received a gift from Trog
  4094 | D        | Killed a six-headed hydra
  4094 | D        | Received a gift from Trog
  4103 | D        | Killed an electric eel
  4108 | D        | Got a brightly glowing dire flail {god gift}
  4115 | D        | Identified the +3 dire flail of Earthquakes {crush, *Noise rF+++ Int-4 Dex+3} (Trog gifted it to you in the Dungeon)
  4123 | D        | Noticed a death drake
  4133 | D        | Killed a death drake
  4176 | D        | Noticed a black mamba
  4176 | D        | Noticed a water moccasin
  4176 | D        | Noticed a black mamba
  4176 | D        | Noticed a water moccasin
  4192 | D        | Killed a black mamba
  4199 | D        | Killed a black mamba
  4202 | D        | Killed a water moccasin
  4210 | D        | Killed a water moccasin
  4210 | D        | Received a gift from Trog
  4226 | D        | Noticed an anaconda
  4254 | D        | Killed an anaconda
  4328 | D        | Noticed a water moccasin
  4328 | D        | Noticed a black mamba
  4328 | D        | Noticed a black mamba
  4328 | D        | Noticed an anaconda
  4329 | D        | Noticed a water moccasin
  4338 | D        | Killed a black mamba
  4345 | D        | Killed a black mamba
  4345 | D        | Reached XP level 13. HP: 87/97 MP: 13/13
  4352 | D        | Killed an anaconda
  4402 | D        | Noticed an anaconda
  4412 | D        | Killed an anaconda
  4412 | D        | Received a gift from Trog
  4421 | D        | Killed a water moccasin
  4442 | D        | Killed a water moccasin
  4480 | D        | Noticed a naga
  4485 | D        | Killed a naga
  4486 | D        | Noticed a naga
  4501 | D        | Killed a naga
  4501 | D        | Received a gift from Trog
  4504 | D        | Noticed a naga warrior
  4504 | D        | Noticed a greater naga
  4506 | D        | Found Neng's Magic Scroll Shop.
  4506 | D        | Found Hyic's Gadget Shoppe.
  4516 | D        | Killed a greater naga
  4516 | D        | Reached skill level 18 in Fighting
  4523 | D        | Killed a naga warrior
  4614 | D        | Found Ywoihae's Antique Weapon Boutique.
  4629 | D        | Noticed a guardian serpent
  4638 | D        | Killed a guardian serpent
  4643 | D        | Got a serpentine rune of Zot
  4791 | D        | Found Winor's General Store.
  4793 | D        | Noticed an orc priest
  4793 | D        | Noticed an orc warrior
  4797 | D        | Killed an orc priest
  4798 | D        | Noticed an orc wizard
  4798 | D        | Received a gift from Trog
  4803 | D        | Noticed an orc high priest
  4803 | D        | Killed an orc wizard
  4806 | D        | Noticed an orc priest
  4806 | D        | Noticed an orc warrior
  4806 | D        | Noticed an orc wizard
  4806 | D        | Noticed an orc warrior
  4806 | D        | Noticed an orc wizard
  4808 | D        | Noticed an orc priest
  4820 | D        | Killed an orc wizard
  4825 | D        | Killed an orc warrior
  4825 | D        | Received a gift from Trog
  4826 | D        | Got a steaming mace {god gift}
  4828 | D        | Killed an orc warrior
  4839 | D        | Killed an orc wizard
  4842 | D        | Killed an orc warrior
  4851 | D        | Killed an orc high priest
  4853 | D        | Received a gift from Trog
  4865 | D        | Killed an orc priest
  4871 | D        | Killed an orc priest
  4945 | D        | Identified the +9 mace of World's End {drain, +Fly Str+4 Dex+4} (Trog gifted it to you in the Dungeon)
  5047 | D        | Noticed Wiglaf
  5047 | D        | Noticed Frances
  5056 | D        | Killed Wiglaf
  5062 | D        | Killed from afar by Frances

Vault maps used:
D:        dungeon_sprint_mu

Action                   |  1- 3 |  4- 6 |  7- 9 | 10-12 | 13-15 || total
-------------------------+-------+-------+-------+-------+-------++-------
Melee: Flail             |    35 |    17 |   137 |   212 |       ||   401
       Mace              |       |       |       |    53 |    10 ||    63
       Morningstar       |       |       |       |   126 |       ||   126
       Demon whip        |       |       |       |    99 |   105 ||   204
Invok: Burn Spellbooks   |       |     1 |     1 |       |       ||     2
       Berserk           |       |       |     3 |     5 |     2 ||    10
       Trog's Hand       |       |       |     8 |    14 |     5 ||    27
       Brothers in Arms  |       |       |       |     4 |     1 ||     5
  Use: Potion            |     1 |     6 |     1 |       |     1 ||     9
       Scroll            |       |     2 |       |     1 |       ||     3
  Eat: Bread ration      |       |     1 |     1 |     1 |       ||     3
       Chunk             |       |       |     1 |     5 |     4 ||    10
       Royal jelly       |       |       |       |     3 |       ||     3
